NCAA
FLORIDA STATE SEMINOLES @ SOUTH CAROLINA GAMECOCKS
05/08/2026
 
TOP OF THE 1ST
Florida State Seminoles batting - Pitching for South Carolina Gamecocks : RHP Keith Heffner
Pitching: RHP Keith Heffner
Batting: RHB Adam Davis 0-0: Ball
1-0: Called Strike
1-1: Swinging Strike
1-2: Strikes out looking
Batting: RHB Aaron Duncan 0-0: Ball
1-0: Called Strike
1-1: Called Strike
1-2: Ball
2-2: Strikes out swinging
Batting: LHB Randy Wiggins 0-0: SOLO HOME RUN (Flyball, 7LD), Distance : 327 ft
Batting: RHB Art Cameron 0-0: Ball
1-0: Ground out 5-3 (Groundball, 56)
Top of the 1st over - 1 run(s), 1 hit(s), 0 error(s), 0 left on base; Florida State 1 - South Carolina 0
BOTTOM OF THE 1ST
South Carolina Gamecocks batting - Pitching for Florida State Seminoles : RHP James Lyons
Pitching: RHP James Lyons
Batting: LHB Pat Carroll 0-0: Called Strike
0-1: Ground out 4-3 (Groundball, 4)
Batting: LHB Bill Walter 0-0: Called Strike
0-1: Fly out, F9 (Line Drive, 89M)
Batting: RHB Clint Ratzlaff 0-0: Ground out 6-3 (Groundball, 6M)
Bottom of the 1st over - 0 run(s), 0 hit(s), 0 error(s), 0 left on base; Florida State 1 - South Carolina 0
TOP OF THE 2ND
Florida State Seminoles batting - Pitching for South Carolina Gamecocks : RHP Keith Heffner
Batting: RHB Rubén Hernández 0-0: Reached on error, E5 (Groundball, 5)
Pitching: RHP Jared Thomas
Batting: LHB Kevin Curtis 0-0: DOUBLE (Line Drive, 78M)
Rubén Hernández to third
Batting: LHB Paul Cotton 0-0: Called Strike
0-1: Ground out 4-3 (Groundball, 4)
Rubén Hernández scores
Kevin Curtis to third
Batting: LHB Allan Bates 0-0: Ball
1-0: Called Strike
1-1: Foul Ball, location: 2F
1-2: Foul Ball, location: 2F
1-2: Foul Ball, location: 2F
1-2: Ball
2-2: DOUBLE (Groundball, 5L)
Kevin Curtis scores
Batting: RHB John Newman 0-0: Ball
1-0: Swinging Strike
1-1: Ball
2-1: Ball
3-1: Fly out, F9 (Flyball, 89S)
Batting: RHB Adam Davis 0-0: Swinging Strike
0-1: Ball
1-1: Ball
2-1: Ball
3-1: Base on Balls
Batting: RHB Aaron Duncan 0-0: Ball
1-0: Foul Ball, location: 2F
1-1: DOUBLE (Line Drive, 7LM)
Allan Bates scores
Adam Davis to third
Runner from 3rd tries for Home, SAFE, no throw or cutoff
Pitching: RHP Keith Anderson
Batting: LHB Randy Wiggins 0-0: Fly out, F7 (Flyball, 78M)
Top of the 2nd over - 4 run(s), 3 hit(s), 1 error(s), 1 left on base; Florida State 5 - South Carolina 0
BOTTOM OF THE 2ND
South Carolina Gamecocks batting - Pitching for Florida State Seminoles : RHP James Lyons
Batting: RHB Fernando Pérez 0-0: Foul Ball, location: 2F
0-1: Called Strike
0-2: Strikes out swinging
Batting: RHB Mike Wagner 0-0: SINGLE (Groundball, 34D)
Batting: RHB Don Miller 0-0: Ball
Mike Wagner steals 2nd base
1-0: Ground out 4-3 (Groundball, 13)
Mike Wagner to third
Batting: RHB José Martínez 0-0: Called Strike
0-1: Ball
1-1: Ball
2-1: Foul Ball, location: 2F
2-2: Fly out, F8 (Flyball, 8LM)
Bottom of the 2nd over - 0 run(s), 1 hit(s), 0 error(s), 1 left on base; Florida State 5 - South Carolina 0
TOP OF THE 3RD
Florida State Seminoles batting - Pitching for South Carolina Gamecocks : RHP Keith Anderson
Batting: RHB Art Cameron 0-0: Swinging Strike
0-1: Foul Ball, location: 2F
0-2: Foul Ball, location: 2F
0-2: Foul Ball, location: 2F
0-2: Strikes out looking
Batting: RHB Rubén Hernández 0-0: Swinging Strike
0-1: Swinging Strike
0-2: Ball
1-2: Foul Ball, location: 2F
1-2: Strikes out swinging
Batting: LHB Kevin Curtis 0-0: Called Strike
0-1: Foul Ball, location: 2F
0-2: Strikes out swinging
Top of the 3rd over - 0 run(s), 0 hit(s), 0 error(s), 0 left on base; Florida State 5 - South Carolina 0
BOTTOM OF THE 3RD
South Carolina Gamecocks batting - Pitching for Florida State Seminoles : RHP James Lyons
Batting: RHB Scott Dixon 0-0: Foul Ball, location: 2F
0-1: Swinging Strike
0-2: SINGLE (Groundball, 4M)
Batting: LHB Gilberto Ortíz Pickoff Throw to First - Error! E1
Scott Dixon to second
0-0: Ball
1-0: Foul Ball, location: 2F
1-1: Ground out 6-3 (Groundball, 6M)
Scott Dixon to third
Batting: LHB Pat Carroll 0-0: Swinging Strike
0-1: Ball
1-1: Swinging Strike
1-2: Ground out 4-3 (Groundball, 4M)
Scott Dixon scores
Batting: LHB Bill Walter 0-0: Fly out, F6 (Popup, 6MS)
Bottom of the 3rd over - 1 run(s), 1 hit(s), 1 error(s), 0 left on base; Florida State 5 - South Carolina 1
TOP OF THE 4TH
Florida State Seminoles batting - Pitching for South Carolina Gamecocks : RHP Keith Anderson
Batting: LHB Paul Cotton 0-0: Ball
1-0: Foul Ball, location: 2F
1-1: Ball
2-1: Ground out 1-3 (Groundball, 15)
Batting: LHB Allan Bates 0-0: Called Strike
0-1: Foul Ball, location: 2F
0-2: Ball
1-2: Strikes out swinging
Batting: RHB John Newman 0-0: Called Strike
0-1: Swinging Strike
0-2: SINGLE (Groundball, 5L)
Batting: RHB Adam Davis 0-0: Ball
1-0: Ball
2-0: Called Strike
2-1: SINGLE (Line Drive, 56D)
John Newman to second
Batting: RHB Aaron Duncan 0-0: Foul Ball, location: 2F
0-1: Ball
1-1: Called Strike
1-2: Ball
2-2: Fly out, F7 (Flyball, 7D)
Top of the 4th over - 0 run(s), 2 hit(s), 0 error(s), 2 left on base; Florida State 5 - South Carolina 1
BOTTOM OF THE 4TH
South Carolina Gamecocks batting - Pitching for Florida State Seminoles : RHP James Lyons
Batting: RHB Clint Ratzlaff 0-0: Ball
1-0: Called Strike
1-1: Ball
2-1: Ball
3-1: Called Strike
3-2: Base on Balls
Batting: RHB Fernando Pérez 0-0: Ball
Clint Ratzlaff is caught stealing 2nd base
1-0: SINGLE (Groundball, 56D)
Batting: RHB Mike Wagner 0-0: DOUBLE (Line Drive, 78M)
Fernando Pérez to third
Batting: RHB Don Miller 0-0: Called Strike
0-1: Ball
1-1: Foul Ball, location: 2F
1-2: Ball
2-2: Ball
3-2: Ground out 1-3 (Groundball, 13)
Batting: RHB José Martínez 0-0: Fly out, F8 (Flyball, 8LM)
Bottom of the 4th over - 0 run(s), 2 hit(s), 0 error(s), 2 left on base; Florida State 5 - South Carolina 1
TOP OF THE 5TH
Florida State Seminoles batting - Pitching for South Carolina Gamecocks : RHP Keith Anderson
Batting: LHB Randy Wiggins 0-0: Called Strike
0-1: Ground out 1-3 (Groundball, 25)
Batting: RHB Art Cameron 0-0: Ball
1-0: Ball
2-0: Fly out, F8 (Line Drive, 8LXD)
Batting: RHB Rubén Hernández 0-0: Called Strike
0-1: Foul Ball, location: 2F
0-2: Ball
1-2: Ball
2-2: Ball
3-2: Strikes out swinging
Top of the 5th over - 0 run(s), 0 hit(s), 0 error(s), 0 left on base; Florida State 5 - South Carolina 1
BOTTOM OF THE 5TH
South Carolina Gamecocks batting - Pitching for Florida State Seminoles : RHP James Lyons
Batting: RHB Scott Dixon 0-0: Foul Ball, location: 2F
0-1: Ball
1-1: Hit by Pitch
Batting: LHB Gilberto Ortíz 0-0: Fly out, F9 (Flyball, 9M)
Batting: LHB Pat Carroll 0-0: Ball
1-0: Ball
2-0: Ball
Scott Dixon steals 2nd base
3-0: Base on Balls
Batting: LHB Bill Walter 0-0: Ball
1-0: Called Strike
1-1: Grounds into double play, 1-6-3 (Groundball, 15)
Bottom of the 5th over - 0 run(s), 0 hit(s), 0 error(s), 1 left on base; Florida State 5 - South Carolina 1
TOP OF THE 6TH
Florida State Seminoles batting - Pitching for South Carolina Gamecocks : RHP Keith Anderson
Batting: LHB Kevin Curtis 0-0: Ball
1-0: Ground out 5-3 (Groundball, 5S)
Batting: LHB Paul Cotton 0-0: Ground out 4-3 (Groundball, 4M)
Batting: LHB Allan Bates 0-0: Called Strike
0-1: Ball
1-1: Swinging Strike
1-2: Ball
2-2: Strikes out swinging
Top of the 6th over - 0 run(s), 0 hit(s), 0 error(s), 0 left on base; Florida State 5 - South Carolina 1
BOTTOM OF THE 6TH
South Carolina Gamecocks batting - Pitching for Florida State Seminoles : RHP James Lyons
Batting: RHB Clint Ratzlaff 0-0: Ball
1-0: Ball
2-0: Foul Ball, location: 2F
2-1: Called Strike
2-2: Strikes out swinging
Batting: RHB Fernando Pérez 0-0: Called Strike
0-1: Foul Ball, location: 2F
0-2: Foul Ball, location: 2F
0-2: Ball
1-2: Strikes out swinging
Batting: RHB Mike Wagner 0-0: Ball
1-0: Swinging Strike
1-1: Ball
2-1: Fly out, F7 (Line Drive, 7D)
Bottom of the 6th over - 0 run(s), 0 hit(s), 0 error(s), 0 left on base; Florida State 5 - South Carolina 1
TOP OF THE 7TH
Florida State Seminoles batting - Pitching for South Carolina Gamecocks : RHP Keith Anderson
Pitching: RHP Monte Powell
Batting: RHB John Newman 0-0: Ball
1-0: Ball
2-0: SINGLE (Line Drive, 6MD)
Batting: RHB Adam Davis 0-0: Called Strike
0-1: Foul Ball, location: 2F
0-2: Foul Ball, location: 2F
0-2: Ball
1-2: Fly out, F9 (Flyball, 9M)
Batting: RHB Aaron Duncan 0-0: Called Strike
Pickoff Throw by Catcher to First - Out!
0-1: Ball
1-1: Ball
2-1: Swinging Strike
2-2: Strikes out swinging
Top of the 7th over - 0 run(s), 1 hit(s), 0 error(s), 0 left on base; Florida State 5 - South Carolina 1
BOTTOM OF THE 7TH
South Carolina Gamecocks batting - Pitching for Florida State Seminoles : RHP James Lyons
Batting: RHB Don Miller 0-0: DOUBLE (Flyball, 89M)
Batting: RHB José Martínez 0-0: Ball
1-0: Ball
2-0: Swinging Strike
2-1: Ball
3-1: Ground out 5-3 (Groundball, 5)
Batting: RHB Scott Dixon 0-0: Called Strike
0-1: SINGLE (Groundball, 6) (infield hit)
Don Miller to third
Batting: LHB Gilberto Ortíz 0-0: Ball
Scott Dixon steals 2nd base
1-0: Ground out 6-3 (Groundball, 6)
Don Miller scores
Scott Dixon to third
Batting: LHB Pat Carroll 0-0: Ball
1-0: Ground out U3 (Groundball, 3)
Bottom of the 7th over - 1 run(s), 2 hit(s), 0 error(s), 1 left on base; Florida State 5 - South Carolina 2
TOP OF THE 8TH
Florida State Seminoles batting - Pitching for South Carolina Gamecocks : RHP Monte Powell
Batting: LHB Randy Wiggins 0-0: Ball
1-0: Fly out, F8 (Flyball, 8LD)
Batting: RHB Art Cameron 0-0: Foul Ball, location: 2F
0-1: Foul Ball, location: 2F
0-2: Foul Ball, location: 2F
0-2: Strikes out swinging
Batting: RHB Rubén Hernández 0-0: Called Strike
0-1: Foul Ball, location: 2F
0-2: Ball
1-2: Fly out, F8 (Line Drive, 8RS)
Top of the 8th over - 0 run(s), 0 hit(s), 0 error(s), 0 left on base; Florida State 5 - South Carolina 2
BOTTOM OF THE 8TH
South Carolina Gamecocks batting - Pitching for Florida State Seminoles : RHP James Lyons
Pitching: RHP Sergio Márquez
Now at 1B: George Wagner
Batting: LHB Bill Walter 0-0: Ball
1-0: DOUBLE (Flyball, 8LM)
Pitching: RHP Richard Hill
Batting: RHB Clint Ratzlaff 0-0: Ball
1-0: TRIPLE (Line Drive, 78M)
Bill Walter scores
Batting: RHB Fernando Pérez 0-0: Called Strike
0-1: Foul Ball, location: 2F
0-2: Ball
1-2: Strikes out looking
Batting: RHB Mike Wagner 0-0: Fly out, F2 (Popup, 2RF)
Batting: RHB Don Miller 0-0: Ball
1-0: Fly out, F8 (Flyball, 8LM)
Bottom of the 8th over - 1 run(s), 2 hit(s), 0 error(s), 1 left on base; Florida State 5 - South Carolina 3
TOP OF THE 9TH
Florida State Seminoles batting - Pitching for South Carolina Gamecocks : RHP Monte Powell
Batting: LHB Kevin Curtis 0-0: Ground out 3-1 (Groundball, 34)
Batting: LHB Paul Cotton 0-0: Ball
1-0: Ground out 4-3 (Groundball, 4)
Batting: LHB Allan Bates 0-0: Called Strike
0-1: Swinging Strike
0-2: Foul Ball, location: 2F
0-2: Foul Ball, location: 2F
0-2: Strikes out swinging
Top of the 9th over - 0 run(s), 0 hit(s), 0 error(s), 0 left on base; Florida State 5 - South Carolina 3
BOTTOM OF THE 9TH
South Carolina Gamecocks batting - Pitching for Florida State Seminoles : RHP Richard Hill
Pitching: LHP Jeffery Mitchell
Batting: RHB José Martínez 0-0: Ball
1-0: Fly out, F9 (Flyball, 9M)
Batting: RHB Scott Dixon 0-0: Called Strike
0-1: Called Strike
0-2: Foul Ball, location: 2F
0-2: Ball
1-2: Strikes out swinging
Batting: LHB Gilberto Ortíz 0-0: Called Strike
0-1: Fly out, F3 (Popup, 3F)
Bottom of the 9th over - 0 run(s), 0 hit(s), 0 error(s), 0 left on base; Florida State 5 - South Carolina 3
Monday, December 5th, 2016 - OOTP Baseball 17.12 Build 75